 Dungeon Crawl Stone Soup version 0.30.2 (webtiles) character file.

Game seed: 3085894583281409440

1999 porpoise the Skirmisher (level 9, -3/64 HPs)
             Began as a Demonspawn Hunter on Apr 13, 2024.
             Was a Believer of Hepliaklqana.
             Slain by an orc warrior
             ... wielding a +0 glaive
              (7 damage)
             ... on level 7 of the Dungeon.
             The game lasted 00:13:59 (6551 turns).

porpoise the Skirmisher (Demonspawn Hunter)         Turns: 6551, Time: 00:13:59

Health: -3/64      AC:  7    Str: 11    XL:     9   Next: 2%
Magic:  0/9        EV: 12    Int: 10    God:    Hepliaklqana [**....]
Gold:   357        SH:  0    Dex: 22    Spells: 8/8 levels left

rFire   . . .        a - +0 shortbow
rCold   . . .        (shield currently unavailable)
rNeg    . . .        c - +1 leather armour
rPois   .            (helmet restricted)
rElec   .            (no cloak)
rCorr   .            (no gloves)
SInv    .            D - +0 pair of boots
Will    .....        (no amulet)
Stlth   ++           (no ring)
HPRegen 0.30/turn    (no ring)
MPRegen 0.22/turn

%: guardian spirit
@: no status effects
A: reduced essence, antennae 1, molten scales 1, demonic guardian 1, magic
shield, magic regeneration
a: Renounce Religion, Recall Ancestor, Ancestor Identity


You were on level 7 of the Dungeon.
You worshipped Hepliaklqana.
Hepliaklqana was pleased with you.
You visited 2 branches of the dungeon, and saw 8 of its levels.

You collected 357 gold pieces.

Inventory:

Hand Weapons
 a - a +0 shortbow (weapon)
 b - a +2 dagger of venom
 j - a +0 double sword
Missiles
 h - 5 javelins
 k - 4 boomerangs
 o - 18 poisoned darts
 p - 2 boomerangs of dispersal
 z - 4 curare-tipped darts
Armour
 c - a +1 leather armour (worn)
 B - a +2 buckler
 D - a +0 pair of boots (worn)
Jewellery
 y - an amulet of the acrobat
Wands
 t - a wand of polymorph (8)
Scrolls
 e - a scroll of brand weapon {unknown}
 f - 2 scrolls of enchant armour
 i - a scroll of blinking
 n - a scroll of vulnerability {unknown}
 q - 4 scrolls of teleportation
 r - a scroll of fog {unknown}
 s - 4 scrolls of identify
 v - a scroll of torment {unknown}
 w - 2 scrolls of immolation
 x - a scroll of magic mapping
 A - a scroll of butterflies {unknown}
 C - a scroll of poison {unknown}
 E - a scroll of noise {unknown}
Potions
 d - 6 potions of curing
 g - 3 potions of lignification
 l - 3 potions of heal wounds
 m - a potion of cancellation
 u - a potion of brilliance {unknown}


   Skills:
 - Level 7.0 Fighting
 * Level 9.6 Ranged Weapons
 + Level 2.0 Dodging
 - Level 0.8 Stealth
 + Level 1.0 Invocations


You had 8 spell levels left.
You didn't know any spells.
Your spell library contained the following spells:

 Spells                   Type           Power      Damage    Failure   Level
 Magic Dart               Conj           0%         1d3       45%         1
 Searing Ray              Conj           0%         2d4       58%         2
 Tukima's Dance           Hex            0%         N/A       83%         3
 Fulminant Prism          Conj/Hex       0%         3d5       99%         4
 Passage of Golubria      Tloc           0%         N/A       99%         4
 Yara's Violent Unravell  Hex/Tmut       0%         3d3       100%        5


Dungeon Overview and Level Annotations

Branches:
Dungeon (7/15)             Temple (1/1) D:4

Altars:
Ashenzari
Cheibriados
Dithmenos
Fedhas
Gozag
Hepliaklqana
Kikubaaqudgha
Makhleb
Nemelex Xobeh
Okawaru
Qazlal
Ru
Sif Muna
Trog
Uskayaw
Vehumet
Wu Jian
Xom
Yredelemnul

Shops:
D:1 =

Annotations:
D:6 1 runed translucent door, Crazy Yiuf


Innate Abilities, Weirdness & Mutations

Your life essence is reduced to manifest your ancestor. (-10% HP)
You have a pair of small antennae on your head.
You are partially covered in molten scales. (AC +2)
A weak demonic guardian rushes to your aid.
When hurt, damage is shared between your health and your magic reserves.
You regenerate magic rapidly.


Message History

Nikki hits the orc warrior with a +0 flail.
Something hits Nikki but does no damage.
The orc hits you with a +0 club. The orc warrior barely misses you.
The orc wizard hits you but does no damage.
You are too injured to fight recklessly!
Something hits Nikki but does no damage.
Nikki misses the orc wizard.
You are too injured to fight recklessly!
You are too injured to fight recklessly!
You are too injured to fight recklessly!
You are too injured to fight recklessly!
You shoot an arrow. The arrow closely misses the orc.
The arrow hits the orc warrior!
The orc warrior is almost dead.
The orc barely misses you.
You shoot an arrow. The arrow hits the orc.
The orc is heavily wounded.
Nikki hits the orc wizard with a +0 flail!
The orc wizard dies!
The orc closely misses you.
The orc warrior hits you from afar with a +0 glaive!
A demonic guardian appears!
Your Invocations skill increases to level 1!
You shoot an arrow. The arrow hits the orc!
You kill the orc!
The orc warrior barely misses you.
Your Dodging skill increases to level 2!
You shoot an arrow.
The orc warrior hits you from afar with a +0 glaive!
* * * LOW HITPOINT WARNING * * *
You hear some strange, mumbled words.
A magic dart appears from out of thin air!
The magic dart hits you.
* * * LOW HITPOINT WARNING * * *
Nikki hits the orc warrior but does no damage.
You shoot an arrow.
Reactivating autopickup.
You feel a bit more experienced.
The orc warrior hits you from afar with a +0 glaive!
You die...

##.. ##........# >....< .
#..##.#............ ......
#.#..#.#.#........... ###
......
#.#....#.##..........##...
.....
#......##.#............##
..........#.#....# ......#
...........##....# .......
.............#..###R..)...
...............5@)o#
###............###........
..............# #.#....#.
##.......###### #.####.#
#.......# ### .. #########


You could see the friendly Nikki the knight, an orc warrior (ally target) and a
friendly ufetubus (summoned).

Vanquished Creatures
  Sigmund (D:3)
  A water moccasin (D:6)
  An orc warrior (D:7)
  A sky beast (D:6)
  An ice beast (D:6)
  A bullfrog (D:6)
  A scorpion (D:7)
  A howler monkey (D:5)
  2 jellies (D:6)
  2 orc priests
  A hound (D:5)
  Jessica (D:2)
  3 orc wizards
  Robin (D:2)
  8 gnolls
  2 adders (D:2)
  A shadow imp (D:6)
  A white imp (D:5)
  An ufetubus (D:5)
  A worm (D:4)
  2 dart slugs
  21 orcs
  5 endoplasms
  3 giant cockroaches (D:2)
  12 goblins
  11 hobgoblins
  12 jackals
  9 kobolds
  A quokka (D:5)
  3 ball pythons
  4 bats
  6 frilled lizards
  4 rats (D:1)
125 creatures vanquished.

Vanquished Creatures (collateral kills)
  A yak (D:5)
  A water moccasin (D:5)
  A black bear (D:7)
  A sky beast (D:6)
  A centaur (D:5)
  A kobold brigand (D:7)
  A bullfrog (D:7)
  A gnoll sergeant (D:6)
  A jelly (D:7)
  An iguana (D:6)
  2 orc wizards
  A worm (D:4)
  2 orcs (D:6)
  A kobold (D:7)
16 creatures vanquished.

Vanquished Creatures (others)
  2 ancestors
2 creatures vanquished.

Grand Total: 143 creatures vanquished

Notes
Turn   | Place    | Note
-------+----------+-------------------------------------------
     0 | D:1      | porpoise the Demonspawn Hunter began the quest for the Orb.
     0 | D:1      | Reached XP level 1. HP: 16/16 MP: 1/1
    89 | D:1      | Gained mutation: You have a pair of small antennae on your
                  | head. [demonic ancestry]
    89 | D:1      | Reached XP level 2. HP: 22/22 MP: 2/2
   172 | D:1      | Reached skill level 4 in Ranged Weapons
   299 | D:1      | Found Upsanu Xoahy's Jewellery Shoppe.
   622 | D:1      | Gained mutation: You regenerate magic rapidly. [demonic
                  | ancestry]
   622 | D:1      | Reached XP level 3. HP: 25/28 MP: 3/3
  1104 | D:2      | Noticed Jessica
  1107 | D:2      | Killed Jessica
  1108 | D:2      | Gained mutation: When hurt, damage is shared between your
                  | health and your magic reserves. [demonic ancestry]
  1108 | D:2      | Reached XP level 4. HP: 35/35 MP: 4/4
  1145 | D:2      | Reached skill level 5 in Ranged Weapons
  1428 | D:2      | Gained mutation: A weak demonic guardian rushes to your
                  | aid. [demonic ancestry]
  1428 | D:2      | Reached XP level 5. HP: 39/41 MP: 5/5
  1611 | D:3      | Noticed Robin
  1626 | D:2      | Killed Robin
  1740 | D:3      | Noticed Sigmund
  1753 | D:3      | Killed Sigmund
  1754 | D:3      | Reached skill level 6 in Ranged Weapons
  1754 | D:3      | Reached XP level 6. HP: 8/48 MP: 1/6
  3005 | D:4      | Found a staircase to the Ecumenical Temple.
  3018 | Temple   | Entered the Ecumenical Temple
  3035 | Temple   | Became a worshipper of Hepliaklqana the Forgotten
  3436 | D:5      | Entered Level 5 of the Dungeon
  3633 | D:5      | Found an ancient bone altar of Kikubaaqudgha.
  3637 | D:5      | Noticed a yak
  3652 | D:5      | Gained mutation: You are partially covered in molten
                  | scales. (AC +2) [demonic ancestry]
  3652 | D:5      | Reached XP level 7. HP: 28/55 MP: 5/7
  3656 | D:5      | Killed a yak
  3657 | D:5      | Reached skill level 5 in Fighting
  3657 | D:5      | Reached skill level 7 in Ranged Weapons
  4794 | D:6      | Found a snail-covered altar of Cheibriados.
  4819 | D:6      | Reached * piety under Hepliaklqana
  4830 | D:6      | Found an iron altar of Okawaru.
  4844 | D:6      | Found a shimmering blue altar of Sif Muna.
  4888 | D:6      | Reached skill level 8 in Ranged Weapons
  4888 | D:6      | Reached XP level 8. HP: 52/57 MP: 6/8
  5034 | D:6      | Found a runed translucent door.
  5035 | D:6      | Noticed Crazy Yiuf
  5573 | D:6      | Found a radiant altar of Vehumet.
  6178 | D:7      | Reached skill level 9 in Ranged Weapons
  6351 | D:7      | Reached ** piety under Hepliaklqana
  6355 | D:7      | Remembered your ancestor Nikki as a knight
  6442 | D:7      | Reached XP level 9. HP: 44/64 MP: 6/9
  6549 | D:7      | Reached skill level 1 in Invocations
  6551 | D:7      | Slain by an orc warrior

Illustrated notes

Levels and vault maps discovered:
D:1:      lemuel_arrival_rhombus, layout_basic, serial_shops, nicolae_shop_trees
D:2:      layout_loops_ring, uniq_jessica
D:3:      layout_loops_corners, uniq_robin, uniq_sigmund
D:4:      nicolae_cairo_tiling_very_big, layout_rooms,
          mainiacjoe_overflow_cross_hatched, minmay_temple_entry_glass,
          ebering_dispersal_statue_hall
D:5:      kennysheep_big_flooded_room, layout_basic, lemuel_tele_altar
D:6:      layout_layer_cave, mainiacjoe_overflow_catwalk, kennysheep_little_box,
          mainiacjoe_overflow_catch_the_wave, amcnicky_mini_corridor_feature,
          uniq_crazy_yiuf_cottage
D:7:      layout_basic, minmay_misc_feat_secret_circle
Temple:   lightli_temple_of_artemis

Skill      XL: |  1  2  3  4  5  6  7  8  9 |
---------------+----------------------------+-----
Ranged Weapons | 4 5 6 8 9 |  9.6
Fighting       | 3 4 5 7 |  7.0
Invocations    | 1 |  1.0
Dodging        | 2 |  2.0
Stealth        | |  0.8

Action                     |  1- 3 |  4- 6 |  7- 9 || total
---------------------------+-------+-------+-------++-------
  Melee: Dagger            |       |     7 |       ||     7
   Fire: Shortbow          |    89 |   189 |   181 ||   459
 Invoke: Ancestor Identity |       |       |     1 ||     1
         Ancestor Life: Kn |       |       |     1 ||     1
    Use: Scroll            |       |     6 |     3 ||     9
         Potion            |       |       |     1 ||     1
 Armour: Leather armour    |    11 |    19 |    19 ||    49
  Dodge: Dodged            |    27 |    60 |    37 ||   124
